 Dungeon Crawl Stone Soup version 0.30-a0-528-g8c47a4955b (webtiles) character file.

Game seed: 6268525743395977767

3326 upjump the Protected (level 9, 0/69 (72) HPs)
             Began as a Minotaur Fighter on Dec 23, 2022.
             Was a Plaything of Xom.
             Slain by a steam dragon (4 damage)
             ... on level 7 of the Dungeon.
             The game lasted 00:43:36 (5807 turns).

upjump the Protected (Minotaur Fighter)             Turns: 5807, Time: 00:43:37

HP:   0/69 (72)     AC: 27    Str: 30    XL:     9   Next: 71%
MP:   8/8           EV:  6    Int: 12    God:    Xom [....*.]
Gold: 291           SH:  5    Dex: 14    Spells: 8/8 levels left

rFire   . . .      SeeInvis .    A - +5 rapier
rCold   . . .      Faith    .    (no shield)
rNeg    . . .      Spirit   .    r - +2 crystal plate armour
rPois   .          Reflect  +    (helmet unavailable)
rElec   .          Harm     .    (no cloak)
rCorr   .          Rampage  .    q - +1 pair of gloves
Will    .....                    o - +0 pair of boots Stlth
                                 g - amulet of reflection
HPRegen 0.31/turn                h - +6 ring of intelligence
MPRegen 0.11/turn                l - ring "Kinon" {Str+6 Int+4}

@: hasted, lightly drained, very quick
A: horns 3, retaliatory headbutt, iridescent scales 1, agile 1, dopey 1, frail
1, evolution 1, MP-powered wands
a: Renounce Religion


You were on level 7 of the Dungeon.
You worshipped Xom.
You were a beloved toy of Xom.
You visited 2 branches of the dungeon, and saw 8 of its levels.
You also visited: Ossuary.

You collected 291 gold pieces.

Inventory:

Hand Weapons
 a - a +1 long sword
 d - a +4 quarterstaff of chaos
 t - a +4 spear
 A - a +5 rapier (weapon)
Armour
 o - a +0 pair of boots (worn)
 q - a +1 pair of gloves (worn)
 r - a +2 crystal plate armour (worn)
 w - the +1 kite shield of Pathos {rElec}
   (Xom gifted it to you on level 5 of the Dungeon)

   rElec:     It insulates you from electricity.
Magical Staves
 b - a staff of poison
Jewellery
 g - an amulet of reflection (around neck)
 h - a +6 ring of intelligence (left hand)
 l - the ring "Kinon" (right hand) {Str+6 Int+4}
   (Xom gifted it to you on level 2 of the Dungeon)

   [ring of strength]

   Str:       It affects your strength (+6).
   Int:       It affects your intelligence (+4).
Wands
 k - a wand of quicksilver (11)
 v - a wand of polymorph (8)
 z - a wand of iceblast (8)
Scrolls
 p - 2 scrolls of teleportation
 s - a scroll of magic mapping
 u - a scroll of enchant weapon
Potions
 c - 2 potions of mutation {unknown}
 f - 3 potions of attraction
 j - 4 potions of curing
 n - 2 potions of degeneration


   Skills:
 + Level 7.8 Fighting
 + Level 1.6(4.2) Short Blades
 + Level 6.7(6.9) Long Blades
 + Level 8.3 Staves
 + Level 8.9 Armour
 + Level 2.0 Dodging
 + Level 2.2 Stealth
 + Level 6.2 Shields


You had 8 spell levels left.
You didn't know any spells.
Your spell library contained the following spells:

 Spells                   Type           Power      Damage    Failure   Level
 Beastly Appendage        Tmut           0%         N/A       100%        1
 Cigotuvi's Dreadful Rot  Necr/Pois/Air  0%         N/A       100%        2
 Sublimation of Blood     Necr           0%         N/A       100%        2
 Wereblood                Tmut           0%         N/A       100%        2
 Inner Flame              Hex/Fire       0%         N/A       100%        3
 Spider Form              Tmut/Pois      0%         N/A       100%        3
 Flame Wave               Conj/Fire      0%         2d4       100%        4
 Petrify                  Tmut/Erth      0%         N/A       100%        4
 Sticky Flame             Conj/Fire      0%         2d3       100%        4
 Dragon Form              Tmut           0%         N/A       100%        7
 Storm Form               Tmut/Air       0%         N/A       100%        7
 Summon Hydra             Summ           0%         N/A       100%        7
 Necromutation            Tmut/Necr      0%         N/A       100%        8


Dungeon Overview and Level Annotations

Branches:
Dungeon (7/15)             Temple (1/1) D:5         Ossuary (visited)

Altars:
Ashenzari
Cheibriados
Elyvilon
Hepliaklqana
Kikubaaqudgha
Makhleb
Qazlal
Ru
Sif Muna
Trog
Uskayaw
Vehumet
Wu Jian
Xom
Yredelemnul
Zin
The Shining One

Shops:
D:5 (


Innate Abilities, Weirdness & Mutations

You have a pair of large horns on your head.
You reflexively headbutt those who attack you in melee.
You are partially covered in iridescent scales. (AC +2)
You are agile. (Dex +4, Str/Int -1)
You are dopey. (Int -2)
You are frail. (-10% HP)
You have hidden genetic potential.
You expend magic power (3 MP) to strengthen your wands.


Message History

The gnoll hits you from afar with a +0 spear.
* * * LOW HITPOINT WARNING * * *
The wight hits you but does no damage.
The steam dragon bites you but does no damage.
The steam dragon claws you but does no damage.
You hit the wight.
The wight is severely damaged.
The gnoll barely misses you. x2
You closely miss the wight.
The wight is severely damaged.
The wight hits you with a +0 long sword.
* * * LOW HITPOINT WARNING * * *
You feel drained.
* * * LOW HITPOINT WARNING * * *
You block the steam dragon's attack.
The steam dragon claws you but does no damage.
You hit the wight. You headbutt the wight.
You destroy the wight!
Xom smirks.
You feel aware of your surroundings.
You are now a beloved toy of Xom.
The gnoll hits you but does no damage. You block the gnoll's attack.
You block the steam dragon's attack.
The steam dragon claws you but does no damage.
You hit the steam dragon.
The steam dragon is lightly wounded.
Your attacks no longer feel as feeble.
The gnoll hits you from afar with a +0 spear.
* * * LOW HITPOINT WARNING * * *
The gnoll hits you but does no damage.
You hit the steam dragon. You headbutt the steam dragon.
The steam dragon is moderately wounded.
The steam dragon completely misses you. The steam dragon barely misses you.
You puncture the steam dragon!
The steam dragon is severely wounded.
The gnoll hits you but does no damage. You block the gnoll's attack.
You hit the steam dragon but do no damage.
The steam dragon is severely wounded.
The steam dragon bites you.
You die...

, * ,*,* ,* **######
****,***
,*,,*#....########, *
, * *#.....##.....,* *
,
#.##.##.....$..######
*#........!...g......#
..#........)D..)....#
, #........@)g).....#
,..........))).).#####
, <........##.##..#
,...............## * *
# ##.#.#.#.##..#.# *,,
, .. #.............#*
* , , .$ * ,
#*.**,...... , , , ,
**,, .#.....,,,,, ,
*,*, , **,, ,,, , ,
...


You could see a steam dragon and 2 gnolls.

Vanquished Creatures
  Sigmund (D:6)
  Eustachio (D:6)
  2 water moccasins (D:6)
  Duvessa (D:6)
  An ice beast (D:6)
  2 ogres
  A bullfrog (D:7)
  A kobold brigand (D:7)
  3 necrophages
  A gnoll sergeant (D:5)
  2 scorpions (D:4)
  10 wights
  Dowan (D:6)
  A crimson imp (D:5)
  A centaur zombie (D:3)
  2 hounds
  Crazy Yiuf (D:3)
  2 jellies
  An orc priest (D:5)
  A bullfrog skeleton (D:3)
  A centaur skeleton (D:3)
  2 gnoll boudas
  4 iguanas
  2 orc wizards
  2 ogre zombies (Ossuary)
  3 mummies (Ossuary)
  15 gnolls
  3 adders
  A white imp (D:6)
  An ufetubus (D:5)
  A worm (D:5)
  The ghost of petzl the Sneak, a weakling FoDe (D:3)
  A dart slug (D:1)
  9 orcs
  4 endoplasms
  6 giant cockroaches
  4 goblins
  11 hobgoblins
  9 kobolds
  9 ball pythons
  A ball python zombie (D:2)
  3 bats
  5 frilled lizards
  3 goblin zombies (Ossuary)
  4 hobgoblin zombies (Ossuary)
  A jackal skeleton (D:2)
  A jackal zombie (D:2)
  3 kobold zombies (Ossuary)
  An orc zombie (Ossuary)
  A quokka zombie (Ossuary)
  8 rats
  3 rat zombies (Ossuary)
159 creatures vanquished.

Vanquished Creatures (collateral kills)
  A harpy (shapeshifter) (D:3)
  An ogre (D:4)
  Robin (D:2)
  An adder zombie (D:2)
  7 goblins (D:2)
  3 hobgoblins (D:2)
  A ball python skeleton (D:2)
  A bat (D:2)
16 creatures vanquished.

Vanquished Creatures (others)
  A gnoll (D:4)
  A kobold (D:7)
  4 toadstools (D:1)
  3 withered plants (D:2)
9 creatures vanquished.

Grand Total: 184 creatures vanquished

Notes
Turn   | Place    | Note
-------+----------+-------------------------------------------
     0 | D:1      | upjump the Minotaur Fighter began the quest for the Orb.
     0 | D:1      | Reached XP level 1. HP: 19/19 MP: 0/0
    73 | D:1      | Reached XP level 2. HP: 25/27 MP: 1/1
   304 | D:1      | Reached XP level 3. HP: 33/33 MP: 2/2
   470 | D:1      | Found a faded altar of an unknown god.
   478 | D:1      | Prayed at the altar of an unknown god.
   478 | D:1      | Became a worshipper of Xom the Begetter of Discontinuities
   607 | D:1      | XOM: silly message
   693 | D:1      | XOM: give mutations
   693 | D:1      | Gained mutation: You are partially covered in iridescent
                  | scales. (AC +2) [Xom's mischief]
   693 | D:1      | Lost mutation: You are partially covered in iridescent
                  | scales. (AC +2) [Xom's mischief]
   693 | D:1      | Gained mutation: You are frail. (-10% HP) [Xom's mischief]
   693 | D:1      | Gained mutation: You are partially covered in iridescent
                  | scales. (AC +2) [Xom's mischief]
   777 | D:2      | Noticed Robin
   780 | D:2      | XOM: summons 3 friendly demons
   787 | D:2      | Killed Robin
   812 | D:2      | Reached XP level 4. HP: 31/36 MP: 3/3
   824 | D:2      | Identified the ring "Kinon" {Str+6 Int+4} (Xom gifted it to
                  | you on level 2 of the Dungeon)
   824 | D:2      | XOM: god gift: ring "Kinon" {Str+6 Int+4}
  1393 | D:3      | Found a transporter.
  1394 | D:3      | Noticed petzl's ghost (weakling FoDe)
  1405 | D:3      | XOM: 3-stop teleportation journey
  1454 | D:3      | XOM: 3-stop teleportation journey
  1455 | D:3      | Noticed a necrophage
  1482 | D:3      | Found a transporter.
  1540 | D:3      | Noticed Jessica
  1540 | D:3      | XOM: god gift: scroll of butterflies
  1548 | D:3      | Jessica changed into Jessica the glowing shapeshifter
  1548 | D:3      | Noticed Jessica (glowing shapeshifter)
  1548 | D:3      | XOM: polymorph Jessica -> Jessica the glowing shapeshifter
  1548 | D:3      | Jessica the glowing shapeshifter changed into Jessica the
                  | redback
  1548 | D:3      | Noticed Jessica (glowing shapeshifter)
  1554 | D:3      | Jessica the redback changed into Jessica the guardian
                  | serpent
  1554 | D:3      | Noticed Jessica (glowing shapeshifter)
  1556 | D:3      | Jessica the guardian serpent changed into Jessica the
                  | yaktaur
  1556 | D:3      | Noticed Jessica (glowing shapeshifter)
  1557 | D:3      | XOM: summons friendly chaos spawn
  1557 | D:3      | Jessica the yaktaur changed into Jessica the manticore
  1557 | D:3      | Noticed Jessica (glowing shapeshifter)
  1558 | D:3      | XOM: cleaving
  1558 | D:3      | Jessica the manticore changed into Jessica the redback
  1558 | D:3      | Noticed Jessica (glowing shapeshifter)
  1562 | D:3      | Jessica the redback changed into Jessica the cyclops
  1562 | D:3      | Noticed Jessica (glowing shapeshifter)
  1564 | D:3      | Jessica the cyclops changed into Jessica the komodo dragon
  1564 | D:3      | Noticed Jessica (glowing shapeshifter)
  1570 | D:3      | Jessica the komodo dragon changed into Jessica the harpy
  1570 | D:3      | Noticed Jessica (glowing shapeshifter)
  1570 | D:3      | Killed Jessica the harpy
  1571 | D:3      | Reached skill level 5 in Fighting
  1571 | D:3      | Reached skill level 5 in Long Blades
  1571 | D:3      | Reached skill level 5 in Armour
  1571 | D:3      | Reached skill level 1 in Dodging
  1571 | D:3      | Reached XP level 5. HP: 7/43 MP: 4/4
  1571 | D:3      | Reached XP level 6. HP: 8/50 MP: 5/5
  1571 | D:3      | Reached XP level 7. HP: 8/54 MP: 6/6
  1848 | D:3      | XOM: polymorph endoplasm -> bat
  1895 | D:3      | Found a runed translucent door.
  1896 | D:3      | Noticed Crazy Yiuf
  1906 | D:3      | Killed Crazy Yiuf
  2049 | D:3      | Found an ancient bone altar of Kikubaaqudgha.
  2208 | D:3      | XOM: god gift: staff of poison
  2233 | D:3      | XOM: divine lightning
  2238 | D:3      | Reached skill level 5 in Shields
  2240 | D:3      | Killed petzl's ghost
  2314 | D:4      | Found a sacrificial altar of Ru.
  2368 | D:4      | XOM: divine lightning
  2458 | D:4      | XOM: cast spell 'Discord'
  2548 | D:4      | Reached skill level 1 in Staves
  2570 | D:4      | XOM: summons 7 friendly demons
  2746 | D:4      | Reached XP level 8. HP: 54/63 MP: 7/7
  2765 | D:4      | XOM: scenery: summon butterflies
  2866 | D:4      | XOM: give mutation
  2866 | D:4      | Gained mutation: Your movements are slightly less
                  | encumbered by armour. (ER -2) [Xom's grace]
  2903 | D:4      | XOM: give mutations
  2903 | D:4      | Gained mutation: You expend magic power (3 MP) to
                  | strengthen your wands. [Xom's grace]
  2903 | D:4      | Gained mutation: You have hidden genetic potential. [Xom's
                  | grace]
  2903 | D:4      | Gained mutation: You have a pair of large horns on your
                  | head. [Xom's grace]
  2922 | D:4      | XOM: god gift: Xom's Vellum of Mezcal {god gift}
  2923 | D:4      | Got Xom's Vellum of Mezcal {god gift}
  3039 | D:4      | XOM: give mutation
  3039 | D:4      | Gained mutation: You are agile. (Dex +4, Str/Int -1) [Xom's
                  | grace]
  3218 | D:5      | Entered Level 5 of the Dungeon
  3218 | D:5      | Found a sand-covered staircase.
  3268 | D:5      | Identified the +1 kite shield of Pathos {rElec} (Xom gifted
                  | it to you on level 5 of the Dungeon)
  3268 | D:5      | XOM: god gift: +1 kite shield of Pathos {rElec}
  3281 | Ossuary  | Entered an ossuary
  3469 | Ossuary  | Noticed Menkaure
  3471 | Ossuary  | XOM: cleaving
  3652 | D:5      | XOM: give mutations
  3652 | D:5      | Lost mutation: You are agile. (Dex +4, Str/Int -1) [Xom's
                  | mischief]
  3652 | D:5      | Lost mutation: Your movements are slightly less encumbered
                  | by armour. (ER -2) [Xom's mischief]
  3652 | D:5      | Gained mutation: You are dopey. (Int -2) [Xom's mischief]
  3656 | D:5      | Found a staircase to the Ecumenical Temple.
  3668 | Temple   | Entered the Ecumenical Temple
  3766 | D:5      | XOM: summons 5 hostile demons
  3784 | D:5      | XOM: confusion (+ monsters)
  3788 | D:5      | XOM: polymorph iguana -> jelly
  3894 | D:5      | XOM: cast spell 'Summon Small Mammal'
  3991 | D:4      | XOM: scenery: create altars
  4102 | D:5      | Reached skill level 5 in Staves
  4191 | D:5      | Found a burning altar of Makhleb.
  4293 | D:5      | Found Ubruomun's Antique Weapon Shop.
  4649 | D:6      | XOM: confusion
  4652 | D:6      | XOM: scenery: create altars
  4656 | D:6      | XOM: confuse monster(s)
  4755 | D:6      | XOM: scenery: create altars
  4942 | D:6      | XOM: summons friendly quasit
  4965 | D:6      | Noticed Eustachio
  4967 | D:6      | Noticed Sigmund
  4975 | D:6      | Killed Sigmund
  4975 | D:6      | XOM: divination: detect creatures
  4976 | D:6      | Reached XP level 9. HP: 63/71 MP: 8/8
  4984 | D:6      | Gained mutation: You are agile. (Dex +4, Str/Int -1)
                  | [hidden potential]
  4996 | D:6      | Killed Eustachio
  5014 | D:6      | Found a glowing golden altar of the Shining One.
  5172 | D:6      | Noticed Duvessa
  5173 | D:6      | Noticed Dowan
  5181 | D:6      | Killed Duvessa
  5182 | D:6      | Reached skill level 1 in Stealth
  5190 | D:6      | Killed Dowan
  5275 | D:6      | XOM: god gift: great mace {god gift}
  5767 | D:7      | Reached skill level 1 in Short Blades
  5790 | D:7      | XOM: blink monster(s)
  5791 | D:7      | XOM: blink monster(s)
  5803 | D:7      | XOM: divination: magic mapping
  5807 | D:7      | Slain by a steam dragon

Illustrated notes

Levels and vault maps discovered:
D:1:      ldierk_water_garden, layout_basic, ebering_ecumenical_altar_hall,
          nrook_mini_vaults, minmay_misc_feat_columns, serial_bayou_ford_a,
          nicolae_figureground_sparkle
D:2:      layout_loops_ring, serial_undead, serial_undead_d, serial_undead_a,
          serial_undead_c, serial_undead_b, uniq_robin
D:3:      layout_basic, kiku_gazebo_pond_becter, gammafunk_ghost_mausoleum,
          uniq_jessica, uniq_crazy_yiuf_cottage
D:4:      layout_cave_pods, amcnicky_altar_gilded
D:5:      layout_basic, makhleb_grotto_becter, minmay_temple_entry_nine_rooms,
          nicolae_ossuary_entry_monument, serial_shops,
          nicolae_shop_advertising_works [nicolae_subvault_shop_adworks]
D:6:      layout_rooms, mainiacjoe_overflow_24_doors, chequers_mini_garden,
          uniq_eustachio, uniq_sigmund, uniq_duvessa
D:7:      layout_rooms
Temple:   compressed_dpeg_triangle_lava_temple

Skill      XL: |  1  2  3  4  5  6  7  8  9 |
---------------+----------------------------+-----
Fighting       | 4 5 7 |  7.8
Armour         | 4 5 6 7 8 |  8.9
Shields        | 4 6 |  6.2
Long Blades    | 5 6 |  6.7
Dodging        | 1 2 |  2.0
Staves         | 2 7 8 |  8.3
Stealth        | 2 |  2.2
Short Blades   | 1 |  1.6

Action                   |  1- 3 |  4- 6 |  7- 9 || total
-------------------------+-------+-------+-------++-------
Melee: Long sword        |    76 |    38 |    18 ||   132
       Headbutt          |    12 |     6 |    49 ||    67
       Quarterstaff      |       |       |   198 ||   198
       Rapier            |       |       |    76 ||    76
  Use: Scroll            |     5 |     3 |    12 ||    20
       Potion            |       |       |     9 ||     9
 Stab: Petrifying        |       |       |     2 ||     2
       Petrified         |       |       |     2 ||     2
Armor: Scale mail        |    45 |    20 |       ||    65
       Crystal plate arm |       |     3 |   331 ||   334
Dodge: Dodged            |    41 |    19 |   154 ||   214
Block: Buckler           |    14 |    14 |     2 ||    30
       Other             |       |       |    32 ||    32

Table legend: (Time is in decaauts)
 A = Elapsed time spent in this place.
 B = Non-inter-level travel time spent in this place.
 C = Inter-level travel time spent in this place.
 D = Time resting spent in this place.
 E = Time spent auto-exploring this place.
 F = Levels seen in this place.
 G = Mean time per level.
                   A        B        C        D        E       F      G
               +--------+--------+--------+--------+--------+-----+--------+
         Total |   5857 |   5741 |    116 |    934 |   1979 |   9 |  650.8 |
       Dungeon |   5557 |   5441 |    116 |    926 |   1979 |   7 |  793.9 |
        Temple |     50 |     50 |      0 |      0 |      0 |   1 |   50.0 |
       Ossuary |    249 |    249 |      0 |      8 |      0 |   1 |  249.0 |
               +--------+--------+--------+--------+--------+-----+--------+

Top non-repeatable levels by time:
     D:4: 1075 daAuts
     D:6: 1064 daAuts
     D:5: 972 daAuts
     D:3: 901 daAuts
     D:1: 762 daAuts
     D:2: 676 daAuts
 Ossuary: 249 daAuts
     D:7: 104 daAuts
  Temple: 50 daAuts
